 Dungeon Crawl Stone Soup version 0.26-a0-52-gd53d4cd (webtiles) character file.

Game seed: 4835304176347415693

202 Faca the Cutter (level 6, -13/44 HPs)
             Began as a Halfling Fighter on June 6, 2020.
             Mangled by an ogre
             ... wielding a +0 giant spiked club
              (17 damage)
             ... on level 4 of the Dungeon.
             The game lasted 00:04:57 (2858 turns).

Faca the Cutter (Halfling Fighter)                  Turns: 2858, Time: 00:04:58

Health: -13/44     AC: 12    Str: 19    XL:     6   Next: 8%
Magic:  6/6        EV:  6    Int:  6    God:
Gold:   171        SH: 15    Dex: 14    Spells: 5/5 levels left

rFire    . . .     SeeInvis .   a - +0 rapier
rCold    . . .     Gourm    .   c - +1 kite shield
rNeg     . . .     Faith    .   h - +0 chain mail
rPois    .         Spirit   .   (no helmet)
rElec    .         Reflect  +   (no cloak)
rCorr    .         Harm     .   (no gloves)
MR       .....                  m - +2 pair of boots
Stlth    ..........             e - amulet of reflection
HPRegen  0.14/turn              (no ring)
MPRegen  0.10/turn              (no ring)

@: lethally poisoned (-13 -> -14)
A: small, mutation resistance 1
a: no special abilities


You were on level 4 of the Dungeon.
You were hungry.

You visited 2 branches of the dungeon, and saw 5 of its levels.

You collected 171 gold pieces.

Inventory:

Hand Weapons
 a - a +0 rapier (weapon)
Armour
 c - a +1 kite shield (worn)
 h - a +0 chain mail (worn)
 m - a +2 pair of boots (worn)
Jewellery
 e - an amulet of reflection (around neck)
Scrolls
 j - a scroll of teleportation
 q - a scroll of enchant armour
Potions
 d - 2 potions of might
 g - a potion of haste
 i - 2 potions of cancellation
 k - 2 potions of curing {unknown}
 n - a potion of degeneration {unknown}
 o - a potion of heal wounds {unknown}
Comestibles
 f - 6 rations


   Skills:
 + Level 4.4 Fighting
 + Level 5.2 Short Blades
 - Level 3.2 Armour
 - Level 3.2 Shields


You had 5 spell levels left.
You didn't know any spells.
Your spell library contained the following spells:

 Spells                   Type           Power        Failure   Level  Hunger
 Shock                    Conj/Air       #...         100%        1    ##.....
 Swiftness                Chrm/Air       #.......     100%        2    ###....
 Static Discharge         Conj/Air       #.......     100%        3    ####...
 Airstrike                Air            #.........   100%        4    #####..
 Lightning Bolt           Conj/Air       #.........   100%        5    ######.


Dungeon Overview and Level Annotations

Branches:
Dungeon (4/15)             Temple (1/1) D:4

Altars:
Ashenzari
Cheibriados
Elyvilon
Fedhas
Kikubaaqudgha
Makhleb
Nemelex Xobeh
Ru
Sif Muna
Trog
Uskayaw
Vehumet
Yredelemnul
The Shining One

Annotations:
D:3 2 runed translucent doors, Sin92's ghost, amateur DsFi


Innate Abilities, Weirdness & Mutations

You are small and have problems with some larger weapons.
You are somewhat resistant to further mutation.


Message History

You barely miss the ogre.
The ogre is almost dead.
The ogre hits you with a +0 giant spiked club!
* * * LOW HITPOINT WARNING * * *
Your shield prevents you from hitting the ogre.
The ogre is almost dead.
You feel sick. You block the ogre's attack.
You barely miss the ogre.
The ogre is almost dead.
You block the ogre's attack.
You hit the ogre but do no damage.
The ogre is almost dead.
You barely miss the ogre.
The ogre is almost dead.
You block the ogre's attack.
You hit the ogre.
The ogre is almost dead.
You feel sick.
The ogre hits you with a +0 giant spiked club!
You die...

.. .. ... ..#...
...###+######.....###
..............#.#... #
..............#.### .#
.............##...###.....
.............#.†O.....#...
............##..@..##....
..........#........#...#
...###'##...###...##..>##.
...#...#......###.#.......
...#...#........#.#.......
...#...#.....#............
...#...#.....#...#.#......
...##'####...#..a..# ###+#
##.).....#...###+...


You could see an ogre.

Vanquished Creatures
  Ijyb (D:3)
  3 worker ants (D:4)
  2 adders (D:3)
  A gnoll (D:1)
  A dart slug (D:2)
  3 leopard geckos
  6 orcs (D:4)
  A ball python (D:4)
  2 giant cockroaches
  8 goblins
  5 hobgoblins (D:1)
  9 jackals
  A quokka (D:4)
  6 bats
  5 frilled lizards
  8 kobolds
  6 rats (D:2)
68 creatures vanquished.

Notes
Turn   | Place    | Note
-------+----------+-------------------------------------------
     0 | D:1      | Faca the Halfling Fighter began the quest for the Orb.
     0 | D:1      | Reached XP level 1. HP: 15/15 MP: 1/1
    44 | D:1      | Reached skill level 3 in Short Blades
    44 | D:1      | Reached XP level 2. HP: 12/21 MP: 2/2
   276 | D:1      | Reached XP level 3. HP: 26/26 MP: 3/3
  1208 | D:2      | Found a snail-covered altar of Cheibriados.
  1215 | D:2      | Reached XP level 4. HP: 31/31 MP: 4/4
  1516 | D:3      | Reached skill level 4 in Short Blades
  1763 | D:3      | Noticed Ijyb
  1789 | D:3      | Killed Ijyb
  1789 | D:3      | Reached XP level 5. HP: 35/37 MP: 5/5
  1934 | D:3      | Found a large runed translucent door.
  1934 | D:3      | Found a large runed translucent door.
  1938 | D:3      | Noticed Sin92's ghost (amateur DsFi)
  2414 | D:4      | Reached skill level 5 in Short Blades
  2624 | D:4      | Found a staircase to the Ecumenical Temple.
  2641 | Temple   | Entered the Ecumenical Temple
  2840 | D:4      | Noticed an ogre
  2844 | D:4      | Reached XP level 6. HP: 32/44 MP: 6/6
  2858 | D:4      | Mangled by an ogre

Illustrated notes

Levels and vault maps discovered:
D:1:      evilmike_arrival_home_sweet_home, layout_basic
D:2:      layout_basic, kennysheep_slug_shrine, first_ration
D:3:      layout_loops_ring, ebering_ghost_disaster_area, uniq_ijyb
D:4:      layout_gridville, lemuel_round_altar, minmay_temple_entry_slanted
Temple:   nicolae_temple_figure_eight

Skill      XL: |  1  2  3  4  5 |
---------------+----------------+-----
Fighting       | 3 4 |  4.4
Short Blades   | 3 4 5 |  5.2
Armour         | |  3.2
Shields        | |  3.2

Action                   |  1- 3 |  4- 6 || total
-------------------------+-------+-------++-------
Melee: Rapier            |    95 |   180 ||   275
  Use: Scroll            |     3 |     5 ||     8
  Eat: Chunk             |     1 |     5 ||     6
Armor: Scale mail        |    17 |    21 ||    38
       Chain mail        |       |    13 ||    13
Dodge: Dodged            |    28 |    33 ||    61
Block: Kite shield       |    82 |   144 ||   226
       Reflection        |     8 |       ||     8

Table legend:
 A = Non-vault XP
 B = Vault XP
 C = Vault XP percentage of total XP
 D = Non-vault monster count
 E = Vault monster count
 F = Vault count percentage of total count
                 A         B        C        D         E       F
            +---------+---------+-------+---------+---------+-------
      Total |     249 |      40 |  13.8 |      66 |       2 |   2.9
            +---------+---------+-------+---------+---------+-------
        D:1 |      43 |       0 |   0.0 |      20 |       0 |   0.0
        D:2 |      26 |       4 |  13.3 |      18 |       1 |   5.3
        D:3 |      44 |      36 |  45.0 |      12 |       1 |   7.7
        D:4 |     136 |       0 |   0.0 |      16 |       0 |   0.0
            +---------+---------+-------+---------+---------+-------
